 Dungeon Crawl Stone Soup version 0.29-a0-414-g5075937ec3 (webtiles) character file.

Game seed: 11940253473962999756

2 purpskrrrp the Sneak (level 1, -2/19 HPs)
             Began as a Hill Orc Delver on May 15, 2022.
             Slain by an orc
             ... wielding a +4 dagger
              (7 damage)
             ... on level 5 of the Dungeon.
             The game lasted 00:00:38 (39 turns).

purpskrrrp the Sneak (Hill Orc Delver)                Turns: 39, Time: 00:00:41

Health: -2/19      AC:  3    Str: 14    XL:     1   Next: 30%
Magic:  1/1        EV: 11    Int: 10    God:
Gold:   12         SH:  0    Dex: 12    Spells: 0/0 levels left

rFire   . . .      SeeInvis .   a - +0 hand axe
rCold   . . .      Faith    .   (no shield)
rNeg    . . .      Spirit   .   b - +0 leather armour
rPois   .          Reflect  .   (no helmet)
rElec   .          Harm     .   (no cloak)
rCorr   .          Rampage  .   (no gloves)
Will    .....                   (no boots)
Stlth   ++........              (no amulet)
HPRegen 0.06/turn               (no ring)
MPRegen 0.07/turn               (no ring)

@: no status effects
A: no striking features
a: no special abilities


You were on level 5 of the Dungeon.
You visited 1 branch of the dungeon, and saw 1 of its levels.

You collected 12 gold pieces.

Inventory:

Hand Weapons
 a - a +0 hand axe (weapon)
Armour
 b - a +0 leather armour (worn)
 h - a +0 leather armour
 i - a +0 chain mail
Wands
 g - a wand of digging (3)
Scrolls
 c - a scroll of fog
 d - 2 scrolls of magic mapping
 e - a scroll of fear
Potions
 f - a potion of haste


   Skills:
 + Level 3.6 Fighting
 + Level 2.6 Axes
 + Level 1.5 Dodging
 + Level 4.2 Stealth


You couldn't memorise any spells.
You didn't know any spells.
Your spell library was empty.

Dungeon Overview and Level Annotations

Branches:
Dungeon (5/15)
 Temple: D:4-7

Altars:
Dithmenos
Okawaru


Message History

The orc shouts!
Found a scroll labelled VEOCKYONIP.
Found a shadowy altar of Dithmenos.
You see here a scroll of magic mapping.
d - 2 scrolls of magic mapping (gained 1)
You closely miss the orc. The orc hits you with a +0 hand axe.
You hit the orc but do no damage. The orc hits you with a +0 hand axe.
You barely miss the orc. The orc barely misses you.
You barely miss the orc. The orc barely misses you.
You hit the orc but do no damage. The orc closely misses you.
You hit the orc but do no damage. The orc closely misses you.
You hit the orc.
The orc is moderately wounded.
The orc hits you with a +0 hand axe. The orc barely misses you.
You hit the orc.
The orc is heavily wounded.
The orc misses you.
You hit the orc.
The orc is almost dead.
The orc barely misses you.
You closely miss the orc.
The orc is almost dead.
The orc hits you with a +0 hand axe.
You barely miss the orc.
The orc is almost dead.
The orc barely misses you.
An orc comes into view. It is wielding a +4 dagger.
The orc shouts!
You slash the orc!
You kill the orc!
Things that are here:
a +0 hand axe; a +0 chain mail; an orc corpse
i - a +0 chain mail Keep disrobing?
You start removing your armour.
You continue taking off your +0 leather armour. x2
The orc hits you with a +4 dagger.
* * * LOW HITPOINT WARNING * * *
You continue taking off your +0 leather armour.
The orc hits you with a +4 dagger!
You die...

.. #.# #.##..
..#.# #.#.# ?
##...##########..
#(...............
+...>......≈≈≈≈§≈
#........o.§.§...
#.......)@.≈§§≈≈≈
#..........≈.≈_..
#..........≈.≈≈≈.
#..........≈§§§..
#..........≈§≈§§≈
#...........§§o.§
#.........?≈§§.≈≈
#########..≈§§.._
#..≈.≈≈§§


You could see 2 orcs.

Vanquished Creatures
  An orc (D:5)
1 creature vanquished.

Notes
Turn   | Place    | Note
-------+----------+-------------------------------------------
     0 | D:5      | purpskrrrp the Hill Orc Delver began the quest for the Orb.
     0 | D:5      | Reached XP level 1. HP: 19/19 MP: 1/1
     9 | D:5      | Found an iron altar of Okawaru.
    14 | D:5      | Found a shadowy altar of Dithmenos.
    39 | D:5      | Slain by an orc

Illustrated notes

Levels and vault maps discovered:
D:5:      layout_basic, slow_altar_1, mainiacjoe_overflow_catwalk_spiral

Action                   || total
-------------------------++-------
Melee: Hand axe          ||    12
Dodge: Dodged            ||     8

Table legend: (Time is in decaauts)
 A = Elapsed time spent in this place.
 B = Non-inter-level travel time spent in this place.
 C = Inter-level travel time spent in this place.
 D = Time resting spent in this place.
 E = Time spent auto-exploring this place.
 F = Levels seen in this place.
 G = Mean time per level.
                   A        B        C        D        E       F      G
               +--------+--------+--------+--------+--------+-----+--------+
         Total |     41 |     32 |      9 |      0 |      0 |   1 |   41.0 |
       Dungeon |     41 |     32 |      9 |      0 |      0 |   1 |   41.0 |
               +--------+--------+--------+--------+--------+-----+--------+

Top non-repeatable levels by time:
     D:5: 41 daAuts
